 Dungeon Crawl Stone Soup version 0.31-a0-631-g285b096dc4 (webtiles) character file.

Game seed: 7212959422795413734

1148 kae the Basher (level 8, -1/64 HPs)
             Began as a Minotaur Fighter on Aug 25, 2023.
             Was a Follower of Qazlal.
             Slain by a gnoll
             ... wielding a +0 halberd
             ... led by a gnoll bouda
              (7 damage)
             ... on level 6 of the Dungeon.
             The game lasted 00:03:41 (4405 turns).

kae the Basher (Minotaur Fighter)                   Turns: 4405, Time: 00:03:42

Health: -1/64      AC:  9    Str: 24    XL:     8   Next: 15%
Magic:  10/10      EV:  9    Int: 11    God:    Qazlal [*.....]
Gold:   273        SH:  6    Dex:  9    Spells: 7/7 levels left

rFire   . . .        a - +0 flail
rCold   . . .        c - +0 buckler
rNeg    . . .        b - +0 scale mail
rPois   .            (helmet restricted)
rElec   .            j - +1 cloak
rCorr   .            (no gloves)
SInv    .            (no boots)
Will    .....        (no amulet) Stlth
                     I - +6 ring of intelligence
HPRegen 0.30/turn    (no ring)
MPRegen 0.12/turn

%: no passive effects
@: mighty, weakened
A: horns 2, retaliatory headbutt
a: Renounce Religion


You were on level 6 of the Dungeon.
You worshipped Qazlal.
Qazlal was aware of your devotion.
You visited 1 branch of the dungeon, and saw 6 of its levels.

You collected 273 gold pieces.


Innate Abilities, Weirdness & Mutations

You have a pair of horns on your head.
You reflexively headbutt those who attack you in melee.


   Skills:
 - Level 3.6 Fighting
 + Level 10.6 Maces & Flails
 - Level 3.6 Armour
 - Level 3.6 Shields
 + Level 4.1 Invocations


You had 7 spell levels left.
You didn't know any spells.
Your spell library contained the following spells:

 Spells                   Type           Power      Damage    Failure   Level
 Cause Fear               Hex            0%         N/A       100%        4
 Fireball                 Conj/Fire      0%         3d3       100%        5
 Dragon's Call            Summ           0%         N/A       100%        9

Inventory:

Hand Weapons
 a - a +0 flail (weapon)
Missiles
 e - 31 stones
 k - 6 poisoned darts
 q - 2 boomerangs
 r - 4 throwing nets {=f!f}
Armour
 b - a +0 scale mail (worn)
 c - a +0 buckler (worn)
 j - a +1 cloak (worn)
   (You found it on level 2 of the Dungeon)
Jewellery
 I - a +6 ring of intelligence (left hand)
   (You found it on level 3 of the Dungeon)
Wands
 o - a wand of iceblast (12)
   (You found it on level 3 of the Dungeon)
Scrolls
 g - a scroll of teleportation {@r4}
 i - 2 scrolls of revelation
 s - a scroll of vulnerability {!r!r}
 t - 2 scrolls of identify {@r1}
Potions
 f - 2 potions of cancellation
 h - a potion of resistance {unknown}
 l - 2 potions of degeneration {!q}
 m - a potion of enlightenment {unknown}
 n - a potion of invisibility {unknown}
 p - 6 potions of curing {@q1}

Dungeon Overview and Level Annotations

Branches:
Dungeon (6/15) Zot: 26549
 Temple: D:4-7

Altars:
Nemelex Xobeh
Qazlal
Ru
The Shining One

Shops:
D:5

: ..........#..#....#.
..........##.#....#.
.##...#..###........ .
#....##..#......... ..#
##.............###.
....#####)oo####...#...## .
#.>....og## #....#...#.
#.....##gg###.......... .
....#...?#@###.........##..
.. #?..........######.#...
............#....###......
...........###....##.# ..
............# #.......####.
........#.... #............
.......##...###......####..
...... ....###......# #..
..........##.......####..


You could see a gnoll bouda, 2 gnolls and 3 orcs.


Message History

You feel your attacks grow feeble.
The gnoll bouda barks out a call to the hunt!
The gnoll picks up the pace!
You hear a shout!
The gnoll hits you with a +0 whip. 😕 HP[-2]
You take 2 damage, and now have 62/64 hp.
You hit the gnoll but do no damage.
An orc comes into view. It is wielding a +0 short sword.
You block the gnoll's attack.
The orc shouts!
You hit the gnoll.
You hear a shout! x2 😕 HP[+1]
You closely miss the gnoll. Your headbutt misses the gnoll.
Your attacks no longer feel as feeble.
A gnoll comes into view. It is wielding a +0 whip.
The gnoll hits you with a +0 whip.
The gnoll shouts!
You sock the gnoll! The gnoll hits you with a +0 flail.
The gnoll barely misses you. 😕 HP[-6]
You take 6 damage, and now have 57/64 hp.
You hit the gnoll.
You kill the gnoll!
Qazlal accepts your kill. You block the gnoll's attack.
You hit the gnoll.
The gnoll hits you from afar with a +0 halberd. 😕 HP[-2]
You take 2 damage, and now have 55/64 hp.
You hit the gnoll. Your headbutt misses the gnoll.
An orc comes into view. It is wielding a +0 whip.
The gnoll closely misses you. You block the gnoll's attack.
You barely miss the gnoll. Your headbutt misses the gnoll.
The gnoll hits you but does no damage. The orc hits you but does no damage.
An orc comes into view. It is wielding a +0 club.
The gnoll bouda barely misses you. You furiously retaliate!
You headbutt the gnoll bouda. You hit the gnoll but do no damage.
The gnoll hits you but does no damage. The gnoll hits you with a +0 flail!
The orc hits you with a +0 short sword.
The gnoll bouda hits you with a +0 whip!
You are too injured to fight recklessly! 😮 HP[-17]
You take 17 damage, and now have 38/64 hp.
MASSIVE DAMAGE!! (PAUSE)
You barely miss the gnoll bouda. Your headbutt misses the gnoll bouda.
You block the gnoll's attack. The orc hits you but does no damage.
An orc comes into view. It is wielding a +0 club.
The gnoll hits you but does no damage.
Unknown command.
You barely miss the gnoll.
The gnoll bouda hits you with a +0 whip!
* * * LOW HITPOINT WARNING * * *
The gnoll completely misses you. The gnoll barely misses you.
You furiously retaliate!
You headbutt the gnoll!
You kill the gnoll!
Qazlal accepts your kill. The orc hits you with a +0 short sword.
* * * LOW HITPOINT WARNING * * *
😨 HP[-10]
You take 10 damage, and now have 28/64 hp.
The gnoll attacks as it pursues you!
The gnoll hits you from afar with a +0 halberd!
* * * LOW HITPOINT WARNING * * *
😨 HP[-9]
You take 9 damage, and now have 19/64 hp.
The orc attacks as it pursues you! The orc hits you but does no damage.
The gnoll bouda gazes fiercely through you!
You feel your attacks grow feeble.
The gnoll bouda hits you with a +0 whip.
* * * LOW HITPOINT WARNING * * *
😨 HP[-1]
You take 1 damage, and now have 18/64 hp.
Okay, then.
The gnoll is no longer moving quickly.
The gnoll bouda barks out a call to the hunt!
The gnoll picks up the pace!
You feel very mighty all of a sudden. You block the orc's attack.
You thump the orc!
You kill the orc!
Qazlal accepts your kill.
You are now surrounded by a storm.
The gnoll is no longer moving quickly.
The gnoll hits you from afar with a +0 halberd!
* * * LOW HITPOINT WARNING * * *
😱 HP[-9]
You take 9 damage, and now have 9/64 hp.
Unknown command.
You block the gnoll's attack.
Things that are here:
a +0 short sword; a +0 leather armour; an orc corpse You closely miss the gnoll.
Your headbutt misses the gnoll. You block the gnoll bouda's attack.
The gnoll hits you with a +0 halberd.
* * * LOW HITPOINT WARNING * * *
😱 HP[-3]
You take 3 damage, and now have 6/64 hp.
You closely miss the gnoll. The gnoll bouda barely misses you.
The gnoll hits you with a +0 halberd!
You die...

Skill      XL: |  1  2  3  4  5  6  7  8 |
---------------+-------------------------+-----
Maces & Flails | 3 4 5 6 7 9 10 | 10.6
Invocations    | 3 4 |  4.1
Fighting       | |  3.6
Armour         | |  3.6
Shields        | |  3.6

Action                     |  1- 3 |  4- 6 |  7- 9 || total
---------------------------+-------+-------+-------++-------
  Melee: Flail             |    79 |   171 |   115 ||   365
         Headbutt          |     9 |    24 |    17 ||    50
    Use: Scroll            |       |     8 |     1 ||     9
         Potion            |       |     1 |     3 ||     4
 Armour: Scale mail        |    26 |    68 |    57 ||   151
  Dodge: Dodged            |    38 |    76 |    59 ||   173
  Block: Buckler           |    17 |    34 |    33 ||    84

Levels and vault maps discovered:
D:1:      dpeg_arrival_subterranean_lakeside_camping, layout_basic
D:2:      minmay_evil_eye, layout_rooms, basic_altar, uniq_crazy_yiuf_cottage
D:3:      layout_loops_ring, kennysheep_generic_room_8
D:4:      layout_cave_pools, minmay_overflow_temple_star_quad
D:5:      layout_basic, serial_shops, nicolae_shop_waterfront
D:6:      layout_cave_pools

Notes
Turn   | Place    | Note
-------+----------+-------------------------------------------
     0 | D:1      | kae the Minotaur Fighter began the quest for the Orb.
     0 | D:1      | Reached XP level 1. HP: 19/19 MP: 0/0
     0 | D:1      | magus.rc [v1.11.3]
    35 | D:1      | Reached skill level 3 in Maces & Flails
    56 | D:1      | Reached XP level 2. HP: 25/26 MP: 1/1
   210 | D:1      | Reached skill level 4 in Maces & Flails
   304 | D:1      | Reached XP level 3. HP: 31/31 MP: 2/2
   669 | D:1      | Reached skill level 5 in Maces & Flails
   932 | D:2      | Reached XP level 4. HP: 39/39 MP: 3/3
  1051 | D:2      | Reached skill level 6 in Maces & Flails
  1143 | D:2      | Found a runed translucent door.
  1144 | D:2      | Noticed Crazy Yiuf
  1253 | D:2      | Found a sacrificial altar of Ru.
  1336 | D:2      | Reached XP level 5. HP: 42/45 MP: 4/4
  1560 | D:2      | Killed Crazy Yiuf
  1824 | D:3      | Reached skill level 7 in Maces & Flails
  2419 | D:4      | Reached XP level 6. HP: 43/51 MP: 5/5
  2574 | D:4      | Reached skill level 8 in Maces & Flails
  2626 | D:4      | HP: 11/51 [orc/+0 flail (5)]
  2628 | D:4      | HP: 4/51 [orc/+0 flail (5)]
  2632 | D:4      | Reached skill level 9 in Maces & Flails
  2862 | D:4      | Reached XP level 7. HP: 57/57 MP: 6/6
  2868 | D:4      | You pick up a book of the Dragon and begin reading...
  2868 | D:4      | You add the spells Cause Fear, Fireball and Dragon's Call
                  | to your library.
  2898 | D:4      | Found a glowing golden altar of the Shining One.
  2901 | D:4      | Found a sparkling altar of Nemelex Xobeh.
  2904 | D:4      | Found a stormy altar of Qazlal.
  3011 | D:4      | Became a worshipper of Qazlal Stormbringer
  3169 | D:5      | Entered Level 5 of the Dungeon
  3238 | D:5      | Reached skill level 1 in Invocations
  3316 | D:5      | Found Otoihupuo's Book Emporium.
  3491 | D:5      | Reached skill level 2 in Invocations
  3959 | D:6      | Identified the +0 ring mail of Fanaticism {Regen+ Dex+3
                  | Slay-5 Stlth+}
  4026 | D:6      | Reached skill level 10 in Maces & Flails
  4033 | D:6      | Noticed a steam dragon
  4046 | D:6      | HP: 3/57 [orc priest/divine providence (15)]
  4049 | D:6      | Killed a steam dragon
  4050 | D:6      | Reached skill level 3 in Invocations
  4053 | D:6      | Reached XP level 8. HP: 29/64 MP: 9/9
  4059 | D:6      | Reached skill level 4 in Invocations
  4402 | D:6      | Reached * piety under Qazlal
  4402 | D:6      | HP: 9/64 [gnoll/+0 halberd[a gnoll bouda] (10)]
  4405 | D:6      | Slain by a gnoll

Vanquished Creatures
  A steam dragon (D:6)
  A black bear (D:6)
  An ogre (D:4)
  A phantom (D:5)
  A scorpion (D:5)
  2 jellies
  A hound (D:5)
  4 orc priests
  Crazy Yiuf (D:2)
  2 sleepcaps
  3 iguanas
  2 orc wizards (D:4)
  11 gnolls
  7 adders
  A shadow imp (D:6)
  A white imp (D:5)
  3 worms
  8 dart slugs
  14 orcs
  11 bats
  8 endoplasms
  6 giant cockroaches
  9 goblins
  9 hobgoblins
  6 jackals
  6 kobolds
  2 quokkas
  8 ball pythons
  4 frilled lizards
  8 rats
142 creatures vanquished.

Table legend:
 A = Non-vault XP
 B = Vault XP
 C = Vault XP percentage of total XP
 D = Non-vault monster count
 E = Vault monster count
 F = Vault count percentage of total count
                 A         B        C        D         E       F
            +---------+---------+-------+---------+---------+-------
      Total |    1586 |      55 |   3.4 |     130 |      12 |   8.5
            +---------+---------+-------+---------+---------+-------
        D:1 |      79 |       9 |  10.2 |      28 |       6 |  17.6
        D:2 |     154 |      45 |  22.6 |      31 |       5 |  13.9
        D:3 |      64 |       1 |   1.5 |      20 |       1 |   4.8
        D:4 |     396 |       0 |   0.0 |      21 |       0 |   0.0
        D:5 |     412 |       0 |   0.0 |      17 |       0 |   0.0
        D:6 |     481 |       0 |   0.0 |      13 |       0 |   0.0
            +---------+---------+-------+---------+---------+-------

Skill      XL: |  1  2  3  4  5  6  7  8 |
---------------+-------------------------+-----
Maces & Flails | 3 4 5 6 7 9 10 | 10.6
Invocations    | 3 4 |  4.1
Fighting       | |  3.6
Armour         | |  3.6
Shields        | |  3.6

Action                     |  1- 3 |  4- 6 |  7- 9 || total
---------------------------+-------+-------+-------++-------
  Melee: Flail             |    79 |   171 |   115 ||   365
         Headbutt          |     9 |    24 |    17 ||    50
    Use: Scroll            |       |     8 |     1 ||     9
         Potion            |       |     1 |     3 ||     4
 Armour: Scale mail        |    26 |    68 |    57 ||   151
  Dodge: Dodged            |    38 |    76 |    59 ||   173
  Block: Buckler           |    17 |    34 |    33 ||    84

Illustrated notes

Table legend:
 A = Kills in this place as a percentage of kills in the entire game.
 B = Kills by you in this place as a percentage of kills by you in the entire game.
 C = Kills by friends in this place as a percentage of kills by friends in the entire game.
 D = Other kills in this place as a percentage of other kills in the entire game.
 E = Experience gained in this place as a percentage of experience gained in the entire game.
 F = Experience gained in this place divided by the number of levels of this place that you have seen.
                   A       B       C       D       E      F
               +-------+-------+-------+-------+-------+----------------------
         Total | 100.0 | 100.0 |   N/A |   N/A | 100.0 | 273.5
       Dungeon | 100.0 | 100.0 |   N/A |   N/A | 100.0 | 273.5
               +-------+-------+-------+-------+-------+----------------------

Table legend: (Time is in decaauts)
 A = Elapsed time spent in this place.
 B = Non-inter-level travel time spent in this place.
 C = Inter-level travel time spent in this place.
 D = Time resting spent in this place.
 E = Time spent auto-exploring this place.
 F = Levels seen in this place.
 G = Mean time per level.
                   A        B        C        D        E       F      G
               +--------+--------+--------+--------+--------+-----+--------+
         Total |   4429 |   4285 |    144 |    235 |   3256 |   6 |  738.2 |
       Dungeon |   4429 |   4285 |    144 |    235 |   3256 |   6 |  738.2 |
               +--------+--------+--------+--------+--------+-----+--------+

Top non-repeatable levels by time:
     D:2: 924 daAuts
     D:1: 838 daAuts
     D:4: 781 daAuts
     D:5: 779 daAuts
     D:3: 654 daAuts
     D:6: 449 daAuts
